San Jose Sharks vs Dallas Stars

Created - vendredi 7 décembre 2018 at 19:00

Goals
1 2 3 T
San Jose Sharks 0 0 0 0
Dallas Stars 0 0 1 1
Shots
1 2 3 T
San Jose Sharks 0 7 11 18
Dallas Stars 2 7 15 24

1st period

No Goal

Penalties :
Kevin Labanc (SJS) for Holding (Minor) at 0:15

2nd period

No Goal

Penalties :
Tom Wilson (DAL) for Slashing (Minor) at 4:06, Carl Soderberg (DAL) for Interference (Minor) at 7:10, Timo Meier (SJS) for High sticking (Double Minor) at 14:28

3rd period

1. Dallas Stars , Viktor Arvidsson 13 (James Neal 4, Oscar Klefbom 8) at 4:41

Penalties :
Anthony Cirelli (SJS) for Holding (Minor) at 1:13, Ian Cole (SJS) for Hooking (Minor) at 7:37

Goalie Stats

Cam Talbot (SJS), 23 saves from 24 shots - (0.958), L, 14-9-7, 59:43 minutes
Jake Allen (DAL), 18 saves from 18 shots - (1.000), W, 10-10-4, 60:00 minutes

Players Stats for San Jose Sharks

Player Name              G  A  P  +/- PIM S  H  SB GA TA FO     MP     PP MP  PK MP  
------------------------------------------------------------------------------------
Andre Burakovsky         0  0  0  -1  0   2  4  0  0  0  0/0    16:38   1:52   2:11 
Anthony Cirelli          0  0  0  -1  2   1  1  1  0  0  4/16   17:35   2:06   2:56 
Brent Burns              0  0  0   0  0   0  3  0  0  1  0/0    25:55   2:36   4:48 
Chris Tierney            0  0  0   0  0   0  3  2  0  1  11/18  19:07   2:06   4:03 
Clayton Keller           0  0  0   0  0   3  2  0  1  1  0/0    17:04   2:06   0:27 
Drew Stafford            0  0  0   0  0   0  1  0  0  1  0/0    12:25   0:00   3:37 
Ian Cole                 0  0  0   0  2   0  1  0  0  0  0/0    21:37   1:22   3:58 
Jimmy Hayes              0  0  0   0  0   0  1  2  0  0  4/9    13:33   0:00   0:00 
Karl Alzner              0  0  0  -1  0   1  1  0  1  0  0/0    21:07   1:22   3:34 
Kevin Labanc             0  0  0   0  2   2  1  0  0  0  0/0    12:11   0:00   0:00 
Logan Couture            0  0  0   0  0   2  1  0  1  0  0/1    16:26   0:00   2:30 
Marcus Sorensen          0  0  0   0  0   0  0  0  0  0  0/0     2:12   0:00   0:00 
Mike Reilly              0  0  0  -1  0   0  2  1  0  0  0/0    20:28   2:36   1:50 
Mikkel Boedker           0  0  0  -1  0   3  2  0  0  1  0/1    12:57   0:00   0:34 
Roman Polak              0  0  0   0  0   0  1  1  0  1  0/0    21:20   0:00   5:22 
Timo Meier               0  0  0   0  4   3  4  1  0  0  0/0    14:40   1:52   0:00 
Tommy Wingels            0  0  0   0  0   0  1  0  0  0  0/2    14:28   1:52   3:54 
Tyler Ennis              0  0  0   0  0   1  1  0  0  0  1/2    10:17   0:00   0:00 

Players Stats for Dallas Stars

Player Name              G  A  P  +/- PIM S  H  SB GA TA FO     MP     PP MP  PK MP  
------------------------------------------------------------------------------------
Carl Soderberg           0  0  0   0  2   1  2  0  1  0  8/10   16:39   4:01   0:11 
Colton Parayko           0  0  0   1  0   1  1  2  0  0  0/0    20:42   4:20   1:49 
Derek Grant              0  0  0   0  0   0  3  0  0  1  0/0    12:16   1:15   1:05 
Devin Shore              0  0  0   0  0   1  1  0  0  0  2/2    13:31   1:13   0:11 
James Neal               0  1  1   1  0   1  1  1  0  0  0/0    17:07   4:01   0:00 
Joe Morrow               0  0  0   0  0   1  1  0  0  0  0/0    15:13   0:57   0:00 
John Klingberg           0  0  0   0  0   2  1  0  0  2  0/0    22:59   4:39   2:09 
Kyle Connor              0  0  0   0  0   0  3  0  4  0  0/0    15:00   4:20   0:00 
Loui Eriksson            0  0  0   0  0   4  0  1  0  0  1/1    13:36   1:01   1:35 
Mark Scheifele           0  0  0   1  0   1  2  1  0  0  10/21  18:16   4:49   0:00 
Matthew Tkachuk          0  0  0   0  0   4  4  0  1  0  0/0    15:43   4:01   0:00 
Mirco Mueller            0  0  0   0  0   0  0  0  0  0  0/0    14:43   0:57   0:00 
Oscar Klefbom            0  1  1   1  0   2  5  1  0  0  0/0    23:44   4:39   2:09 
Pierre-Edouard Bellemare 0  0  0   0  0   2  1  0  0  0  5/10   13:07   0:25   2:12 
Riley Sheahan            0  0  0   0  0   0  4  0  0  0  3/4    13:42   0:00   1:35 
Tom Wilson               0  0  0   0  2   2  5  1  0  0  0/0    12:17   0:22   1:07 
Trevor Daley             0  0  0   0  0   0  1  0  0  0  0/0    19:52   4:20   1:49 
Viktor Arvidsson         1  0  1   1  0   2  5  0  0  0  0/1    17:33   4:20   0:00 

3 Stars

1 - Jake Allen (DAL)
2 - Viktor Arvidsson (DAL)
3 - Oscar Klefbom (DAL)

Power Play

San Jose Sharks - 0 on 2 Attempt(s) - 0.00%
Dallas Stars - 0 on 5 Attempt(s) - 0.00%

Penalty Kill

San Jose Sharks - 5 on 5 Attempt(s) - 100.00% - Score 0 goal in Penalty Kill
Dallas Stars - 2 on 2 Attempt(s) - 100.00% - Score 0 goal in Penalty Kill

Team Stat

San Jose Sharks - Hits : 30 - Faceoff Wins : 20 - Blocked Shots : 8 - Penalty Minutes : 10
Dallas Stars - Hits : 40 - Faceoff Wins : 29 - Blocked Shots : 7 - Penalty Minutes : 4

Official

Referees : Kyle Rehman and Dave Jackson
Linesman : Derek Amell and Jay Sharrers

Game Notes

Andre Burakovsky is injured at 17:18 of 3rd period (Torn Left MCL)

Finance

Level 1 -- Attendance: 10218 (93.74%) -- Ticket Income fr. 807'222
Level 2 -- Attendance: 1917 (85.20%) -- Ticket Income fr. 122'688
Level 3 -- Attendance: 3731 (98.18%) -- Ticket Income fr. 119'392
Level 4 -- Attendance: 1362 (90.80%) -- Ticket Income fr. 25'878
Luxury Box -- Attendance: 44 (88.00%) -- Ticket Income fr. 9'020
Game was played at the American Airlines Center.
Total Attendance: 17272 (93.36%)
Total Ticket Income: fr. 1'084'200
Total Income: fr. 1'084'200

San Jose Sharks

5 vs 5 Forward 
   Center                   Left Wing                Right Wing               Time % Phy DF OF 
 1 Chris Tierney            Logan Couture            Kevin Labanc             30     1   1  3  
 2 Jimmy Hayes              Clayton Keller           Timo Meier               30     1   1  3  
 3 Anthony Cirelli          Andre Burakovsky         Mikkel Boedker           25     1   2  2  
 4 Tommy Wingels            Drew Stafford            Tyler Ennis              15     2   3  0  

5 vs 5 Defense 
   Defense                  Defense                                           Time % Phy DF OF 
 1 Brent Burns              Karl Alzner                                       30     1   2  2  
 2 Ian Cole                 Roman Polak                                       30     1   2  2  
 3 Brent Burns              Mike Reilly                                       25     1   2  2  
 4 Karl Alzner              Mike Reilly                                       15     1   2  2  

PowerPlay Forward 
   Center                   Left Wing                Right Wing               Time % Phy DF OF 
 1 Chris Tierney            Clayton Keller           Anthony Cirelli          50     0   1  4  
 2 Tommy Wingels            Andre Burakovsky         Timo Meier               50     0   1  4  

PowerPlay Defense
   Defense                  Defense                                           Time % Phy DF OF 
 1 Brent Burns              Mike Reilly                                       50     0   2  3  
 2 Karl Alzner              Ian Cole                                          50     0   2  3  

Penalty Kill 4 Players Forward 
   Center                   Wing                     Time % Phy DF OF 
 1 Anthony Cirelli          Tommy Wingels            50     1   4  0  
 2 Chris Tierney            Drew Stafford            50     1   4  0  

Penalty Kill 4 Players Defense
   Defense                  Defense                  Time % Phy DF OF 
 1 Brent Burns              Karl Alzner              50     2   3  0  
 2 Ian Cole                 Roman Polak              50     2   3  0  

Penalty Kill - 3 Players Forward 
   Forward                                           Time % Phy DF OF 
 1 Chris Tierney                                     50     1   4  0  
 2 Tommy Wingels                                     50     1   4  0  

Penalty Kill - 3 Players Defense
   Defense                  Defense                  Time % Phy DF OF 
 1 Karl Alzner              Roman Polak              50     1   4  0  
 2 Ian Cole                 Mike Reilly              50     1   4  0  

4 vs 4 Forward 
   Center                   Wing                     Time % Phy DF OF 
 1 Anthony Cirelli          Mikkel Boedker           50     1   2  2  
 2 Clayton Keller           Andre Burakovsky         50     1   2  2  

4 vs 4 Defense
   Defense                  Defense                  Time % Phy DF OF 
 1 Brent Burns              Ian Cole                 50     1   2  2  
 2 Karl Alzner              Roman Polak              50     1   2  2  

Last Minutes Offensive
   Center                   Left Wing                Right Wing               Defense                  Defense                  
   Chris Tierney            Logan Couture            Clayton Keller           Brent Burns              Karl Alzner              

Last Minutes Defensive
   Center                   Left Wing                Right Wing               Defense                  Defense                  
   Anthony Cirelli          Drew Stafford            Tyler Ennis              Karl Alzner              Roman Polak              

Goaltenders
Starting : Cam Talbot               
Backup : Reto Berra               

Extra Forwards
Normal : Tyler Ennis, Chris Tierney, Andre Burakovsky - PP : Chris Tierney, Clayton Keller - PK : Tommy Wingels
Extra Defensemen
Normal : Ian Cole, Mike Reilly, Karl Alzner - PP : Brent Burns - PK : Mike Reilly, Karl Alzner
Penalty Shots
Anthony Cirelli, Clayton Keller, Drew Stafford, Chris Tierney, Tyler Ennis
Custom OT Lines Forwards
Tommy Wingels, Clayton Keller, Mikkel Boedker, Chris Tierney, Logan Couture, Timo Meier, Drew Stafford, Andre Burakovsky, Anthony Cirelli, Tyler Ennis
Custom OT Lines Defensemen
Brent Burns, Mike Reilly, Ian Cole, Roman Polak, Karl Alzner

Scratches
Christian Dvorak (Right Hand Injury), Travis Dermott (Abdomen/Ribs Injury)

Dallas Stars

5 vs 5 Forward 
   Center                   Left Wing                Right Wing               Time % Phy DF OF 
 1 Mark Scheifele           Viktor Arvidsson         James Neal               32     1   1  3  
 2 Riley Sheahan            Kyle Connor              Loui Eriksson            27     1   2  2  
 3 Carl Soderberg           Matthew Tkachuk          Devin Shore              25     1   3  1  
 4 Pierre-Edouard Bellemare Derek Grant              Tom Wilson               16     2   3  0  

5 vs 5 Defense 
   Defense                  Defense                                           Time % Phy DF OF 
 1 John Klingberg           Joe Morrow                                        32     1   2  2  
 2 Colton Parayko           Oscar Klefbom                                     30     1   2  2  
 3 Mirco Mueller            Trevor Daley                                      28     2   3  0  
 4 John Klingberg           Oscar Klefbom                                     10     1   4  0  

PowerPlay Forward 
   Center                   Left Wing                Right Wing               Time % Phy DF OF 
 1 Mark Scheifele           Kyle Connor              Viktor Arvidsson         52     0   0  5  
 2 Carl Soderberg           Matthew Tkachuk          James Neal               48     0   0  5  

PowerPlay Defense
   Defense                  Defense                                           Time % Phy DF OF 
 1 John Klingberg           Oscar Klefbom                                     50     0   0  5  
 2 Colton Parayko           Trevor Daley                                      50     0   0  5  

Penalty Kill 4 Players Forward 
   Center                   Wing                     Time % Phy DF OF 
 1 Pierre-Edouard Bellemare Tom Wilson               52     0   5  0  
 2 Riley Sheahan            Loui Eriksson            48     0   5  0  

Penalty Kill 4 Players Defense
   Defense                  Defense                  Time % Phy DF OF 
 1 Colton Parayko           Trevor Daley             52     0   5  0  
 2 John Klingberg           Oscar Klefbom            48     0   5  0  

Penalty Kill - 3 Players Forward 
   Forward                                           Time % Phy DF OF 
 1 Pierre-Edouard Bellemare                          52     0   5  0  
 2 Riley Sheahan                                     48     0   5  0  

Penalty Kill - 3 Players Defense
   Defense                  Defense                  Time % Phy DF OF 
 1 Colton Parayko           Trevor Daley             52     0   5  0  
 2 John Klingberg           Oscar Klefbom            48     0   5  0  

4 vs 4 Forward 
   Center                   Wing                     Time % Phy DF OF 
 1 Mark Scheifele           Loui Eriksson            52     0   2  3  
 2 Carl Soderberg           Matthew Tkachuk          48     0   2  3  

4 vs 4 Defense
   Defense                  Defense                  Time % Phy DF OF 
 1 Colton Parayko           Oscar Klefbom            65     0   2  3  
 2 Mirco Mueller            Trevor Daley             35     0   2  3  

Last Minutes Offensive
   Center                   Left Wing                Right Wing               Defense                  Defense                  
   Mark Scheifele           Viktor Arvidsson         James Neal               John Klingberg           Joe Morrow               

Last Minutes Defensive
   Center                   Left Wing                Right Wing               Defense                  Defense                  
   Pierre-Edouard Bellemare Riley Sheahan            Tom Wilson               Trevor Daley             Joe Morrow               

Goaltenders
Starting : Jake Allen               
Backup : Carter Hutton            

Extra Forwards
Normal : James Neal, Mark Scheifele, Viktor Arvidsson - PP : James Neal, Mark Scheifele - PK : Pierre-Edouard Bellemare
Extra Defensemen
Normal : Trevor Daley, John Klingberg, Colton Parayko - PP : John Klingberg - PK : John Klingberg, Colton Parayko
Penalty Shots
Mark Scheifele, Matthew Tkachuk, Viktor Arvidsson, James Neal, Kyle Connor
Custom OT Lines Forwards
Viktor Arvidsson, Mark Scheifele, James Neal, Carl Soderberg, Kyle Connor, Matthew Tkachuk, Loui Eriksson, Tom Wilson, Riley Sheahan, Derek Grant
Custom OT Lines Defensemen
Joe Morrow, John Klingberg, Colton Parayko, Trevor Daley, Oscar Klefbom

Scratches
Ryan Ellis (Sore Left Knee Injury), Stephen Johns (Left Hand Injury), Jack Campbell (Healthy)

% Time on Ice - San Jose Sharks

Lines # - Real PCT - Wanted PCT - Time Play
Normal Forward
1 - 28% - 30% - 12:42
2 - 31% - 30% - 13:57
3 - 26% - 25% - 11:42
4 - 15% - 15% - 6:45
Normal Defense
1 - 28% - 30% - 12:44
2 - 36% - 30% - 16:18
3 - 23% - 25% - 10:27
4 - 12% - 15% - 5:37
PP Forward
1 - 53% - 50% - 2:06
2 - 47% - 50% - 1:52
PP Defense
1 - 66% - 50% - 2:36
2 - 34% - 50% - 1:22
PK Forward
1 - 55% - 50% - 5:26
2 - 45% - 50% - 4:30
PK Defense
1 - 42% - 50% - 4:13
2 - 58% - 50% - 5:43
PK3 Forward
1 - 0% - 50%
2 - 0% - 50%
PK3 Defense
1 - 0% - 50%
2 - 0% - 50%
44 Forward
1 - 0% - 50%
2 - 0% - 50%
44 Defense
1 - 0% - 50%
2 - 0% - 50%
Last Minute Offensive  - 1:00
Last Minute Defensive  - 0:00
Total
Forward - 60:00
Defense - 60:00

% Time on Ice - Dallas Stars

Lines # - Real PCT - Wanted PCT - Time Play
Normal Forward
1 - 28% - 32% - 12:46
2 - 25% - 27% - 11:18
3 - 26% - 25% - 11:35
4 - 21% - 16% - 9:30
Normal Defense
1 - 31% - 32% - 14:01
2 - 30% - 30% - 13:43
3 - 31% - 28% - 13:57
4 - 8% - 10% - 3:28
PP Forward
1 - 53% - 52% - 5:13
2 - 47% - 48% - 4:43
PP Defense
1 - 52% - 50% - 5:07
2 - 48% - 50% - 4:49
PK Forward
1 - 60% - 52% - 2:23
2 - 40% - 48% - 1:35
PK Defense
1 - 46% - 52% - 1:49
2 - 54% - 48% - 2:09
PK3 Forward
1 - 0% - 52%
2 - 0% - 48%
PK3 Defense
1 - 0% - 52%
2 - 0% - 48%
44 Forward
1 - 0% - 52%
2 - 0% - 48%
44 Defense
1 - 0% - 65%
2 - 0% - 35%
Last Minute Offensive  - 0:00
Last Minute Defensive  - 0:57
Total
Forward - 60:00
Defense - 60:00

Play-by-Play

1st period


0:01 of 1st period - Mark Scheifele wins face-off versus Chris Tierney in neutral zone.
0:06 of 1st period - Wrist shot by Viktor Arvidsson.
0:06 of 1st period - Shot Misses the Net.
0:08 of 1st period - Slapshot by John Klingberg.
0:08 of 1st period - Deflect By Brent Burns.
0:08 of 1st period - Stopped by Cam Talbot without a rebound.
0:09 of 1st period - Mark Scheifele wins face-off versus Chris Tierney in San Jose Sharks zone.
0:15 of 1st period - Minor Penalty to Kevin Labanc for Holding.
0:16 of 1st period - Anthony Cirelli wins face-off versus Mark Scheifele in San Jose Sharks zone.
0:29 of 1st period - Slapshot by Mark Scheifele.
0:29 of 1st period - Shot Misses the Net.
0:41 of 1st period - Carl Soderberg is hit by Brent Burns.
0:49 of 1st period - Brent Burns is hit by Matthew Tkachuk and loses puck.
2:15 of 1st period - Penalty to Kevin Labanc is over, Kevin Labanc is back on ice.
2:30 of 1st period - Trevor Daley is hit by Timo Meier.
3:32 of 1st period - Pierre-Edouard Bellemare is hit by Timo Meier and loses puck.
4:36 of 1st period - Drew Stafford is hit by Riley Sheahan and loses puck.
5:02 of 1st period - Oscar Klefbom is hit by Logan Couture and loses puck.
5:35 of 1st period - John Klingberg is hit by Mikkel Boedker and loses puck.
5:48 of 1st period - Viktor Arvidsson is hit by Drew Stafford and loses puck.
6:07 of 1st period - Tommy Wingels is hit by Kyle Connor and loses puck.
6:20 of 1st period - Roman Polak is hit by Tom Wilson and loses puck.
7:13 of 1st period - Tommy Wingels is hit by Tom Wilson.
9:13 of 1st period - Karl Alzner is hit by Derek Grant and loses puck.
10:54 of 1st period - Karl Alzner is hit by Matthew Tkachuk and loses puck.
11:25 of 1st period - Drew Stafford is hit by Mark Scheifele and loses puck.
11:47 of 1st period - Tommy Wingels is hit by Tom Wilson and loses puck.
11:58 of 1st period - John Klingberg is hit by Clayton Keller.
13:34 of 1st period - Brent Burns is hit by Matthew Tkachuk and loses puck.
14:58 of 1st period - Karl Alzner is hit by Viktor Arvidsson and loses puck.
16:08 of 1st period - Tyler Ennis is hit by Devin Shore and loses puck.
17:51 of 1st period - Brent Burns is hit by Tom Wilson and loses puck.
18:41 of 1st period - Icing by Tom Wilson.
18:42 of 1st period - Jimmy Hayes wins face-off versus Riley Sheahan in Dallas Stars zone.
18:59 of 1st period - Tommy Wingels is hit by Oscar Klefbom and loses puck.
19:14 of 1st period - Wrist shot by Matthew Tkachuk.
19:14 of 1st period - Stopped by Cam Talbot with a rebound.
19:16 of 1st period - Slapshot by Devin Shore.
19:16 of 1st period - Shot Misses the Net.
19:25 of 1st period - Icing by Carl Soderberg.
19:26 of 1st period - Pierre-Edouard Bellemare wins face-off versus Jimmy Hayes in Dallas Stars zone.
19:26 of 1st period - Pierre-Edouard Bellemare is hit by Timo Meier.
19:36 of 1st period - Jimmy Hayes is hit by Derek Grant and loses puck.
Goals for this period are 0 for San Jose Sharks vs 0 for Dallas Stars.
Shots for this period are 0 for San Jose Sharks vs 2 for Dallas Stars.

2nd period


0:01 of 2nd period - Anthony Cirelli wins face-off versus Mark Scheifele in neutral zone.
0:03 of 2nd period - Off-side.
0:04 of 2nd period - Anthony Cirelli wins face-off versus Mark Scheifele in neutral zone.
0:17 of 2nd period - Brent Burns is hit by Oscar Klefbom and loses puck.
0:38 of 2nd period - Snap shot by Mikkel Boedker.
0:38 of 2nd period - Stopped by Jake Allen without a rebound.
0:39 of 2nd period - Chris Tierney wins face-off versus Carl Soderberg in Dallas Stars zone.
0:53 of 2nd period - Off-side.
0:54 of 2nd period - Jimmy Hayes wins face-off versus Mark Scheifele in neutral zone.
1:23 of 2nd period - Snap shot by Riley Sheahan.
1:23 of 2nd period - Shot Blocked by Mike Reilly.
1:25 of 2nd period - Snap shot by Riley Sheahan.
1:25 of 2nd period - Shot Blocked by Jimmy Hayes.
1:27 of 2nd period - Wrist shot by Loui Eriksson.
1:27 of 2nd period - Stopped by Cam Talbot without a rebound.
1:28 of 2nd period - Chris Tierney wins face-off versus Mark Scheifele in San Jose Sharks zone.
1:28 of 2nd period - Chris Tierney is hit by Joe Morrow.
1:45 of 2nd period - Ian Cole is hit by Viktor Arvidsson and loses puck.
2:00 of 2nd period - Wrist shot by Mikkel Boedker.
2:00 of 2nd period - Shot Misses the Net.
2:02 of 2nd period - Backhand shot by Andre Burakovsky.
2:02 of 2nd period - Stopped by Jake Allen without a rebound.
2:03 of 2nd period - Riley Sheahan wins face-off versus Anthony Cirelli in Dallas Stars zone.
2:03 of 2nd period - Riley Sheahan is hit by Brent Burns.
2:34 of 2nd period - Slapshot by Brent Burns.
2:34 of 2nd period - Shot Blocked by Oscar Klefbom.
2:36 of 2nd period - Wrist shot by Logan Couture.
2:36 of 2nd period - Deflect By Oscar Klefbom.
2:36 of 2nd period - Shot Blocked by Colton Parayko.
2:36 of 2nd period - Puck is out of play.
2:37 of 2nd period - Carl Soderberg wins face-off versus Jimmy Hayes in Dallas Stars zone.
2:48 of 2nd period - Snap shot by Devin Shore.
2:48 of 2nd period - Shot Misses the Net.
3:04 of 2nd period - Kevin Labanc is hit by Viktor Arvidsson and loses puck.
3:13 of 2nd period - Viktor Arvidsson is hit by Kevin Labanc and loses puck.
3:36 of 2nd period - Trevor Daley is hit by Andre Burakovsky and loses puck.
3:58 of 2nd period - Snap shot by Tyler Ennis.
3:58 of 2nd period - Shot Misses the Net.
4:06 of 2nd period - Minor Penalty to Tom Wilson for Slashing.
4:07 of 2nd period - Pierre-Edouard Bellemare wins face-off versus Chris Tierney in Dallas Stars zone.
4:38 of 2nd period - Slapshot by Brent Burns.
4:38 of 2nd period - Shot Misses the Net.
4:40 of 2nd period - Wrist shot by Andre Burakovsky.
4:40 of 2nd period - Stopped by Jake Allen without a rebound.
4:41 of 2nd period - Chris Tierney wins face-off versus Pierre-Edouard Bellemare in Dallas Stars zone.
5:18 of 2nd period - Backhand shot by Brent Burns.
5:18 of 2nd period - Shot Blocked by Loui Eriksson.
5:42 of 2nd period - Chris Tierney is hit by Colton Parayko.
6:05 of 2nd period - Ian Cole is hit by Trevor Daley and loses puck.
6:06 of 2nd period - Penalty to Tom Wilson is over, Tom Wilson is back on ice.
6:18 of 2nd period - Slapshot by Logan Couture.
6:18 of 2nd period - Stopped by Jake Allen with a rebound.
6:20 of 2nd period - Slapshot by Karl Alzner.
6:20 of 2nd period - Shot Blocked by Tom Wilson.
6:22 of 2nd period - Slapshot by Ian Cole.
6:22 of 2nd period - Shot Blocked by Colton Parayko.
6:24 of 2nd period - Slapshot by Logan Couture.
6:24 of 2nd period - Stopped by Jake Allen without a rebound.
6:25 of 2nd period - Tyler Ennis wins face-off versus Mark Scheifele in Dallas Stars zone.
6:26 of 2nd period - Wrist shot by Logan Couture.
6:26 of 2nd period - Shot Misses the Net.
6:45 of 2nd period - John Klingberg is hit by Ian Cole and loses puck.
7:10 of 2nd period - Minor Penalty to Carl Soderberg for Interference.
7:11 of 2nd period - Chris Tierney wins face-off versus Pierre-Edouard Bellemare in Dallas Stars zone.
7:26 of 2nd period - Wrist shot by Clayton Keller.
7:26 of 2nd period - Stopped by Jake Allen with a rebound.
7:36 of 2nd period - Timo Meier is hit by Riley Sheahan and loses puck.
7:47 of 2nd period - Slapshot by Loui Eriksson.
7:47 of 2nd period - Stopped by Cam Talbot without a rebound.
7:48 of 2nd period - Pierre-Edouard Bellemare wins face-off versus Chris Tierney in San Jose Sharks zone.
7:57 of 2nd period - Wrist shot by Pierre-Edouard Bellemare.
7:57 of 2nd period - Stopped by Cam Talbot with a rebound.
7:59 of 2nd period - Slapshot by Colton Parayko.
7:59 of 2nd period - Deflect By Tom Wilson.
7:59 of 2nd period - Shot Blocked by Chris Tierney.
7:59 of 2nd period - Puck is out of play.
8:00 of 2nd period - Loui Eriksson wins face-off versus Tommy Wingels in San Jose Sharks zone.
8:25 of 2nd period - Ian Cole is hit by Oscar Klefbom and loses puck.
9:10 of 2nd period - Penalty to Carl Soderberg is over, Carl Soderberg is back on ice.
9:17 of 2nd period - Snap shot by Kevin Labanc.
9:17 of 2nd period - Stopped by Jake Allen with a rebound.
9:31 of 2nd period - Tommy Wingels is hit by Carl Soderberg and loses puck.
9:53 of 2nd period - Timo Meier is hit by James Neal and loses puck.
10:10 of 2nd period - Anthony Cirelli is hit by Riley Sheahan and loses puck.
10:33 of 2nd period - Mike Reilly is hit by Tom Wilson and loses puck.
10:59 of 2nd period - Joe Morrow is hit by Roman Polak and loses puck.
11:12 of 2nd period - Andre Burakovsky is hit by Viktor Arvidsson and loses puck.
11:27 of 2nd period - Clayton Keller is hit by Kyle Connor and loses puck.
12:19 of 2nd period - Snap shot by Devin Shore.
12:19 of 2nd period - Shot Misses the Net.
12:21 of 2nd period - Slapshot by Colton Parayko.
12:21 of 2nd period - Stopped by Cam Talbot without a rebound.
12:22 of 2nd period - Chris Tierney wins face-off versus Mark Scheifele in San Jose Sharks zone.
12:52 of 2nd period - Devin Shore is hit by Andre Burakovsky and loses puck.
13:07 of 2nd period - Backhand shot by Loui Eriksson.
13:07 of 2nd period - Shot Blocked by Jimmy Hayes.
13:25 of 2nd period - Brent Burns is hit by Pierre-Edouard Bellemare.
13:51 of 2nd period - Slapshot by Viktor Arvidsson.
13:51 of 2nd period - Stopped by Cam Talbot without a rebound.
13:52 of 2nd period - Carl Soderberg wins face-off versus Anthony Cirelli in San Jose Sharks zone.
14:00 of 2nd period - Off-side.
14:01 of 2nd period - Carl Soderberg wins face-off versus Anthony Cirelli in neutral zone.
14:01 of 2nd period - Carl Soderberg is hit by Andre Burakovsky.
14:13 of 2nd period - Slapshot by Carl Soderberg.
14:13 of 2nd period - Stopped by Cam Talbot with a rebound.
14:15 of 2nd period - Wrist shot by Matthew Tkachuk.
14:15 of 2nd period - Stopped by Cam Talbot without a rebound.
14:16 of 2nd period - Mark Scheifele wins face-off versus Jimmy Hayes in San Jose Sharks zone.
14:28 of 2nd period - Double Minor Penalty to Timo Meier for High sticking.
14:29 of 2nd period - Mark Scheifele wins face-off versus Chris Tierney in San Jose Sharks zone.
15:35 of 2nd period - Trevor Daley is hit by Brent Burns and loses puck.
16:11 of 2nd period - Kyle Connor is hit by Andre Burakovsky and loses puck.
17:14 of 2nd period - Mirco Mueller is hit by Anthony Cirelli and loses puck.
18:28 of 2nd period - Penalty to Timo Meier is over, Timo Meier is back on ice.
18:40 of 2nd period - Oscar Klefbom is hit by Timo Meier and loses puck.
19:14 of 2nd period - Icing by Drew Stafford.
19:15 of 2nd period - Mark Scheifele wins face-off versus Tyler Ennis in San Jose Sharks zone.
19:39 of 2nd period - Trevor Daley is hit by Karl Alzner and loses puck.
Goals for this period are 0 for San Jose Sharks vs 0 for Dallas Stars.
Shots for this period are 7 for San Jose Sharks vs 7 for Dallas Stars.

3rd period


0:01 of 3rd period - Mark Scheifele wins face-off versus Logan Couture in neutral zone.
0:10 of 3rd period - Wrist shot by Kevin Labanc.
0:10 of 3rd period - Deflect By Chris Tierney.
0:10 of 3rd period - Shot Blocked by Mark Scheifele.
0:10 of 3rd period - Puck is out of play.
0:11 of 3rd period - Mark Scheifele wins face-off versus Jimmy Hayes in Dallas Stars zone.
0:23 of 3rd period - Slapshot by John Klingberg.
0:23 of 3rd period - Stopped by Cam Talbot without a rebound.
0:24 of 3rd period - Chris Tierney wins face-off versus Mark Scheifele in San Jose Sharks zone.
0:35 of 3rd period - Wrist shot by Logan Couture.
0:35 of 3rd period - Shot Blocked by James Neal.
0:49 of 3rd period - Snap shot by Riley Sheahan.
0:49 of 3rd period - Shot Misses the Net.
0:51 of 3rd period - Slapshot by John Klingberg.
0:51 of 3rd period - Shot Blocked by Timo Meier.
0:53 of 3rd period - Slapshot by Joe Morrow.
0:53 of 3rd period - Stopped by Cam Talbot with a rebound.
0:55 of 3rd period - Wrist shot by Loui Eriksson.
0:55 of 3rd period - Stopped by Cam Talbot with a rebound.
1:07 of 3rd period - Mike Reilly is hit by Carl Soderberg and loses puck.
1:13 of 3rd period - Minor Penalty to Anthony Cirelli for Holding.
1:14 of 3rd period - Chris Tierney wins face-off versus Mark Scheifele in San Jose Sharks zone.
1:24 of 3rd period - Slapshot by Tommy Wingels.
1:24 of 3rd period - Shot Misses the Net.
1:34 of 3rd period - Chris Tierney is hit by Kyle Connor and loses puck.
1:45 of 3rd period - Wrist shot by Carl Soderberg.
1:45 of 3rd period - Shot Hit the Post.
3:13 of 3rd period - Penalty to Anthony Cirelli is over, Anthony Cirelli is back on ice.
3:34 of 3rd period - Wrist shot by Clayton Keller.
3:34 of 3rd period - Stopped by Jake Allen without a rebound.
3:35 of 3rd period - Riley Sheahan wins face-off versus Anthony Cirelli in Dallas Stars zone.
4:00 of 3rd period - Snap shot by Kevin Labanc.
4:00 of 3rd period - Stopped by Jake Allen with a rebound.
4:27 of 3rd period - Wrist shot by Karl Alzner.
4:27 of 3rd period - Stopped by Jake Allen without a rebound.
4:28 of 3rd period - Mark Scheifele wins face-off versus Anthony Cirelli in Dallas Stars zone.
4:35 of 3rd period - Slapshot by Oscar Klefbom.
4:35 of 3rd period - Stopped by Cam Talbot with a rebound.
4:37 of 3rd period - Wrist shot by James Neal.
4:37 of 3rd period - Shot Misses the Net.
4:39 of 3rd period - Wrist shot by James Neal.
4:39 of 3rd period - Stopped by Cam Talbot with a rebound.
4:41 of 3rd period - Wrist shot by Viktor Arvidsson.
4:41 of 3rd period - Goal by Viktor Arvidsson - San Jose Sharks : 0 - Dallas Stars : 1.
4:42 of 3rd period - Jimmy Hayes wins face-off versus Mark Scheifele in neutral zone.
4:45 of 3rd period - Wrist shot by Mike Reilly.
4:45 of 3rd period - Shot Hit the Post.
5:07 of 3rd period - Kyle Connor is hit by Mike Reilly and loses puck.
5:26 of 3rd period - Slapshot by Anthony Cirelli.
5:26 of 3rd period - Deflect By Mikkel Boedker.
5:26 of 3rd period - Stopped by Jake Allen without a rebound.
5:27 of 3rd period - Carl Soderberg wins face-off versus Anthony Cirelli in Dallas Stars zone.
6:16 of 3rd period - Loui Eriksson is hit by Tyler Ennis and loses puck.
6:59 of 3rd period - Oscar Klefbom is hit by Mikkel Boedker and loses puck.
7:20 of 3rd period - Snap shot by Timo Meier.
7:20 of 3rd period - Stopped by Jake Allen without a rebound.
7:21 of 3rd period - Mark Scheifele wins face-off versus Jimmy Hayes in Dallas Stars zone.
7:32 of 3rd period - Snap shot by Mark Scheifele.
7:32 of 3rd period - Stopped by Cam Talbot with a rebound.
7:34 of 3rd period - Slapshot by Mirco Mueller.
7:34 of 3rd period - Deflect By Viktor Arvidsson.
7:34 of 3rd period - Shot Misses the Net.
7:34 of 3rd period - Puck is out of play.
7:35 of 3rd period - Riley Sheahan wins face-off versus Chris Tierney in San Jose Sharks zone.
7:37 of 3rd period - Minor Penalty to Ian Cole for Hooking.
7:38 of 3rd period - Mark Scheifele wins face-off versus Chris Tierney in San Jose Sharks zone.
9:01 of 3rd period - Roman Polak is hit by Viktor Arvidsson and loses puck.
9:34 of 3rd period - Roman Polak is hit by Derek Grant and loses puck.
9:37 of 3rd period - Penalty to Ian Cole is over, Ian Cole is back on ice.
9:41 of 3rd period - Snap shot by Logan Couture.
9:41 of 3rd period - Shot Misses the Net.
10:20 of 3rd period - Joe Morrow is hit by Chris Tierney and loses puck.
10:48 of 3rd period - Tyler Ennis is hit by Oscar Klefbom.
11:17 of 3rd period - Viktor Arvidsson is hit by Tommy Wingels and loses puck.
11:52 of 3rd period - Snap shot by Tom Wilson.
11:52 of 3rd period - Stopped by Cam Talbot without a rebound.
11:53 of 3rd period - Pierre-Edouard Bellemare wins face-off versus Mikkel Boedker in San Jose Sharks zone.
12:00 of 3rd period - Snap shot by Pierre-Edouard Bellemare.
12:00 of 3rd period - Shot Misses the Net.
12:02 of 3rd period - Snap shot by Tom Wilson.
12:02 of 3rd period - Deflect By Anthony Cirelli.
12:02 of 3rd period - Shot Misses the Net.
12:02 of 3rd period - Puck is out of play.
12:03 of 3rd period - Chris Tierney wins face-off versus Viktor Arvidsson in San Jose Sharks zone.
13:12 of 3rd period - Slapshot by Mikkel Boedker.
13:12 of 3rd period - Stopped by Jake Allen with a rebound.
13:14 of 3rd period - Wrist shot by Anthony Cirelli.
13:14 of 3rd period - Stopped by Jake Allen without a rebound.
13:15 of 3rd period - Chris Tierney wins face-off versus Mark Scheifele in Dallas Stars zone.
13:45 of 3rd period - Snap shot by Kyle Connor.
13:45 of 3rd period - Shot Blocked by Roman Polak.
13:47 of 3rd period - Snap shot by Loui Eriksson.
13:47 of 3rd period - Stopped by Cam Talbot with a rebound.
13:49 of 3rd period - Wrist shot by Oscar Klefbom.
13:49 of 3rd period - Stopped by Cam Talbot without a rebound.
13:50 of 3rd period - Anthony Cirelli wins face-off versus Carl Soderberg in San Jose Sharks zone.
14:16 of 3rd period - Mike Reilly is hit by Mark Scheifele and loses puck.
14:25 of 3rd period - John Klingberg is hit by Chris Tierney and loses puck.
15:03 of 3rd period - Wrist shot by Tommy Wingels.
15:03 of 3rd period - Deflect By Tyler Ennis.
15:03 of 3rd period - Stopped by Jake Allen without a rebound.
15:04 of 3rd period - Pierre-Edouard Bellemare wins face-off versus Tommy Wingels in Dallas Stars zone.
15:11 of 3rd period - Snap shot by Tom Wilson.
15:11 of 3rd period - Stopped by Cam Talbot without a rebound.
15:12 of 3rd period - Carl Soderberg wins face-off versus Anthony Cirelli in San Jose Sharks zone.
15:13 of 3rd period - Wrist shot by Matthew Tkachuk.
15:13 of 3rd period - Stopped by Cam Talbot without a rebound.
15:14 of 3rd period - Carl Soderberg wins face-off versus Anthony Cirelli in San Jose Sharks zone.
15:21 of 3rd period - Snap shot by Carl Soderberg.
15:21 of 3rd period - Shot Misses the Net.
15:23 of 3rd period - Wrist shot by Devin Shore.
15:23 of 3rd period - Stopped by Cam Talbot without a rebound.
15:24 of 3rd period - Carl Soderberg wins face-off versus Anthony Cirelli in San Jose Sharks zone.
15:27 of 3rd period - Wrist shot by Matthew Tkachuk.
15:27 of 3rd period - Stopped by Cam Talbot with a rebound.
15:51 of 3rd period - Tommy Wingels is hit by John Klingberg and loses puck.
16:18 of 3rd period - Trevor Daley is hit by Chris Tierney and loses puck.
16:42 of 3rd period - Snap shot by Pierre-Edouard Bellemare.
16:42 of 3rd period - Stopped by Cam Talbot with a rebound.
16:44 of 3rd period - Wrist shot by Tom Wilson.
16:44 of 3rd period - Shot Misses the Net.
16:59 of 3rd period - Anthony Cirelli is hit by Matthew Tkachuk.
17:05 of 3rd period - Slapshot by Mikkel Boedker.
17:05 of 3rd period - Shot Misses the Net.
17:17 of 3rd period - Andre Burakovsky is hit by Oscar Klefbom and loses puck.
17:18 of 3rd period - Andre Burakovsky from San Jose Sharks is injured at 17:18 of 3rd period (Torn Left MCL).
17:19 of 3rd period - Carl Soderberg wins face-off versus Anthony Cirelli in San Jose Sharks zone.
17:22 of 3rd period - Snap shot by Devin Shore.
17:22 of 3rd period - Shot Blocked by Anthony Cirelli.
17:25 of 3rd period - Icing by Tyler Ennis.
17:26 of 3rd period - Devin Shore wins face-off versus Anthony Cirelli in San Jose Sharks zone.
17:32 of 3rd period - Off-side.
17:33 of 3rd period - Devin Shore wins face-off versus Anthony Cirelli in neutral zone.
17:58 of 3rd period - Matthew Tkachuk is hit by Jimmy Hayes and loses puck.
18:03 of 3rd period - Slapshot by Timo Meier.
18:03 of 3rd period - Stopped by Jake Allen without a rebound.
18:04 of 3rd period - Jimmy Hayes wins face-off versus Pierre-Edouard Bellemare in Dallas Stars zone.
18:05 of 3rd period - Wrist shot by Clayton Keller.
18:05 of 3rd period - Shot Hit the Post.
18:29 of 3rd period - Snap shot by Timo Meier.
18:29 of 3rd period - Stopped by Jake Allen with a rebound.
18:49 of 3rd period - Oscar Klefbom is hit by Mike Reilly and loses puck.
19:08 of 3rd period - Logan Couture is hit by Riley Sheahan and loses puck.
19:15 of 3rd period - Riley Sheahan is hit by Clayton Keller.
19:19 of 3rd period - Wrist shot by John Klingberg.
19:19 of 3rd period - Shot Blocked by Chris Tierney.
19:43 of 3rd period - San Jose Sharks, Cam Talbot is pulled from the net.
19:45 of 3rd period - Snap shot by Logan Couture.
19:45 of 3rd period - Shot Misses the Net.
19:47 of 3rd period - Snap shot by Clayton Keller.
19:47 of 3rd period - Stopped by Jake Allen without a rebound.
19:48 of 3rd period - Todd McLellan call a timeout for San Jose Sharks.
19:48 of 3rd period - Chris Tierney wins face-off versus Pierre-Edouard Bellemare in Dallas Stars zone.
19:54 of 3rd period - Icing by Trevor Daley.
19:55 of 3rd period - Chris Tierney wins face-off versus Pierre-Edouard Bellemare in Dallas Stars zone.
Goals for this period are 0 for San Jose Sharks vs 1 for Dallas Stars.
Shots for this period are 11 for San Jose Sharks vs 15 for Dallas Stars.